ITL
AMARILLO ARCHDUKES @ HAVANA ROLLERS
08/28/2026
 
TOP OF THE 1ST
Amarillo Archdukes batting - Pitching for Havana Rollers : RHP Tomás Molina
Pitching: RHP Tomás Molina
Batting: RHB Tony Quinn 0-0: Foul Ball, location: 2F
0-1: Fly out, F7 (Line Drive, 78M)
Batting: RHB Nobuharu Hoshino 0-0: Called Strike
0-1: SOLO HOME RUN (Line Drive, 7D), Distance : 378 ft
Batting: LHB Jorge Martínez 0-0: Foul Ball, location: 2F
0-1: Called Strike
0-2: Ball
1-2: Ball
2-2: Ball
3-2: Foul Ball, location: 2F
3-2: Foul Ball, location: 2F
3-2: Foul Ball, location: 2F
3-2: Foul Ball, location: 2F
3-2: Fly out, F4 (Line Drive, 34)
Batting: RHB Norm Francis 0-0: Called Strike
0-1: Called Strike
0-2: Strikes out swinging
Top of the 1st over - 1 run(s), 1 hit(s), 0 error(s), 0 left on base; Amarillo 1 - Havana 0
BOTTOM OF THE 1ST
Havana Rollers batting - Pitching for Amarillo Archdukes : RHP Dalton Ray
Pitching: RHP Dalton Ray
Batting: LHB Jimmy Husted 0-0: Ball
1-0: Foul Ball, location: 2F
1-1: Called Strike
1-2: Foul Ball, location: 2F
1-2: Foul Ball, location: 2F
1-2: Ball
2-2: Fly out, F8 (Line Drive, 8LM)
Batting: RHB Ed Sims 0-0: Called Strike
0-1: Ball
1-1: SINGLE (Groundball, 56D)
Batting: LHB Enrique Cortéz 0-0: Called Strike
0-1: Grounds into double play, 6-4-3 (Groundball, 6)
Bottom of the 1st over - 0 run(s), 1 hit(s), 0 error(s), 0 left on base; Amarillo 1 - Havana 0
TOP OF THE 2ND
Amarillo Archdukes batting - Pitching for Havana Rollers : RHP Tomás Molina
Batting: LHB Howard Lambert 0-0: Called Strike
0-1: Ball
1-1: Ball
2-1: Foul Ball, location: 2F
2-2: Strikes out looking
Batting: RHB Jorge Espinosa 0-0: Ball
1-0: Ball
2-0: Ball
3-0: Called Strike
3-1: Foul Ball, location: 2F
3-2: Ground out 6-3 (Groundball, 6)
Batting: RHB Ronald Parsons 0-0: SINGLE (Groundball, 56D)
Batting: LHB Héctor Martínez 0-0: Called Strike
0-1: Ball
1-1: Ball
2-1: Ball
3-1: Foul Ball, location: 2F
3-2: Strikes out swinging
Top of the 2nd over - 0 run(s), 1 hit(s), 0 error(s), 1 left on base; Amarillo 1 - Havana 0
BOTTOM OF THE 2ND
Havana Rollers batting - Pitching for Amarillo Archdukes : RHP Dalton Ray
Batting: LHB Wilson Allen 0-0: Foul Ball, location: 2F
0-1: Ball
1-1: Foul Ball, location: 2F
1-2: Ball
2-2: Ball
3-2: Foul Ball, location: 2F
3-2: SINGLE (Line Drive, 4M)
Batting: SHB Pepe Piña 0-0: Hit by Pitch
Wilson Allen to second
Batting: RHB Salvador Borbón 0-0: Ball
1-0: Swinging Strike
1-1: Ball
2-1: Ball
3-1: Called Strike
3-2: Grounds into double play, 5-4-3 (Groundball, 5)
Wilson Allen to third
Batting: RHB Paul Bailey 0-0: DOUBLE (Line Drive, 9D)
Wilson Allen scores
Batting: RHB Francisco Rincón 0-0: Swinging Strike
0-1: Ball
1-1: Ball
2-1: Swinging Strike
2-2: Ball
3-2: Ground out 5-3 (Groundball, 5L)
Bottom of the 2nd over - 1 run(s), 2 hit(s), 0 error(s), 1 left on base; Amarillo 1 - Havana 1
TOP OF THE 3RD
Amarillo Archdukes batting - Pitching for Havana Rollers : RHP Tomás Molina
Batting: RHB Mark Roy 0-0: Called Strike
0-1: Ball
1-1: Foul Ball, location: 2F
1-2: Strikes out swinging
Batting: RHB Tony Quinn 0-0: Called Strike
0-1: Called Strike
0-2: Strikes out swinging
Batting: RHB Nobuharu Hoshino 0-0: Called Strike
0-1: Called Strike
0-2: Foul Ball, location: 2F
0-2: Ball
1-2: Strikes out swinging
Top of the 3rd over - 0 run(s), 0 hit(s), 0 error(s), 0 left on base; Amarillo 1 - Havana 1
BOTTOM OF THE 3RD
Havana Rollers batting - Pitching for Amarillo Archdukes : RHP Dalton Ray
Batting: RHB Dani Gómez 0-0: Foul Ball, location: 2F
0-1: Fly out, F7 (Line Drive, 7S)
Batting: LHB Jimmy Husted 0-0: Foul Ball, location: 2F
0-1: Ball
1-1: Swinging Strike
1-2: Ball
2-2: SINGLE (Groundball, 34D)
Batting: RHB Ed Sims 0-0: Called Strike
0-1: Ball
1-1: Foul Ball, location: 2F
1-2: Foul Ball, location: 2F
1-2: Fly out, F2 (Popup, 2RF)
Batting: LHB Enrique Cortéz 0-0: Ball
Jimmy Husted steals 2nd base
1-0: Ground out 1-3 (Groundball, 23)
Bottom of the 3rd over - 0 run(s), 1 hit(s), 0 error(s), 1 left on base; Amarillo 1 - Havana 1
TOP OF THE 4TH
Amarillo Archdukes batting - Pitching for Havana Rollers : RHP Tomás Molina
Batting: LHB Jorge Martínez 0-0: Swinging Strike
0-1: Ball
1-1: SINGLE (Groundball, 4MD)
Batting: RHB Norm Francis 0-0: Ball
1-0: Foul Ball, location: 2F
1-1: Grounds into double play, 6-4-3 (Groundball, 6)
Batting: LHB Howard Lambert 0-0: Fly out, F7 (Flyball, 7LM)
Top of the 4th over - 0 run(s), 1 hit(s), 0 error(s), 0 left on base; Amarillo 1 - Havana 1
BOTTOM OF THE 4TH
Havana Rollers batting - Pitching for Amarillo Archdukes : RHP Dalton Ray
Batting: LHB Wilson Allen 0-0: Fly out, F7 (Flyball, 7M)
Batting: SHB Pepe Piña 0-0: DOUBLE (Line Drive, 9LS)
Batting: RHB Salvador Borbón 0-0: Foul Ball, location: 2F
0-1: Called Strike
0-2: Reached on error, E6 (Groundball, 6)
Pepe Piña to third
Batting: RHB Paul Bailey 0-0: Ball
1-0: SINGLE (Line Drive, 56D)
Pepe Piña scores
Salvador Borbón to second
Batting: RHB Francisco Rincón 0-0: Ball
1-0: Fly out, F9 (Line Drive, 89M)
Batting: RHB Dani Gómez 0-0: Called Strike
0-1: Swinging Strike
0-2: Strikes out swinging
Bottom of the 4th over - 1 run(s), 2 hit(s), 1 error(s), 2 left on base; Amarillo 1 - Havana 2
TOP OF THE 5TH
Amarillo Archdukes batting - Pitching for Havana Rollers : RHP Tomás Molina
Batting: RHB Jorge Espinosa 0-0: Swinging Strike
0-1: Foul Ball, location: 2F
0-2: Strikes out swinging
Batting: RHB Ronald Parsons 0-0: Ball
1-0: Swinging Strike
1-1: Ball
2-1: Ball
3-1: Fly out, F5 (Line Drive, 56)
Batting: LHB Héctor Martínez 0-0: Fly out, F7 (Flyball, 7D)
Top of the 5th over - 0 run(s), 0 hit(s), 0 error(s), 0 left on base; Amarillo 1 - Havana 2
BOTTOM OF THE 5TH
Havana Rollers batting - Pitching for Amarillo Archdukes : RHP Dalton Ray
Batting: LHB Jimmy Husted 0-0: Ball
1-0: Ball
2-0: Foul Ball, location: 2F
2-1: Called Strike
2-2: Ball
3-2: Ground out 4-3 (Groundball, 4)
Batting: RHB Ed Sims 0-0: Called Strike
0-1: Swinging Strike
0-2: Ball
1-2: Ball
2-2: Foul Ball, location: 2F
2-2: Fly out, F9 (Flyball, 89S)
Batting: LHB Enrique Cortéz 0-0: Ball
1-0: Ground out 5-3 (Groundball, 56)
Bottom of the 5th over - 0 run(s), 0 hit(s), 0 error(s), 0 left on base; Amarillo 1 - Havana 2
TOP OF THE 6TH
Amarillo Archdukes batting - Pitching for Havana Rollers : RHP Tomás Molina
Batting: RHB Mark Roy 0-0: Ball
1-0: Fly out, F9 (Flyball, 9M)
Batting: RHB Tony Quinn 0-0: Called Strike
0-1: Called Strike
0-2: Strikes out looking
Batting: RHB Nobuharu Hoshino 0-0: Ball
1-0: Ball
2-0: Foul Ball, location: 2F
2-1: Ball
3-1: Fly out, F2 (Popup, 2RF)
Top of the 6th over - 0 run(s), 0 hit(s), 0 error(s), 0 left on base; Amarillo 1 - Havana 2
BOTTOM OF THE 6TH
Havana Rollers batting - Pitching for Amarillo Archdukes : RHP Dalton Ray
Batting: LHB Wilson Allen 0-0: Ball
1-0: Called Strike
1-1: Ball
2-1: Ball
3-1: Ground out 1-3 (Groundball, 13S)
Batting: SHB Pepe Piña 0-0: Foul Ball, location: 2F
0-1: Ball
1-1: Foul Ball, location: 2F
1-2: SINGLE (Groundball, 34D) (infield hit)
Pitching: RHP Frederick Kern
Batting: RHB Salvador Borbón 0-0: Ball
1-0: Called Strike
1-1: Ball
2-1: Ground out 4-3 (Groundball, 4M)
Pepe Piña to second
Batting: RHB Paul Bailey 0-0: SINGLE (Groundball, 4D)
Pepe Piña to third
Runner from 3rd tries for Home, SAFE, no throw or cutoff
Batting: RHB Francisco Rincón 0-0: Fly out, F8 (Flyball, 8RM)
Bottom of the 6th over - 1 run(s), 2 hit(s), 0 error(s), 1 left on base; Amarillo 1 - Havana 3
TOP OF THE 7TH
Amarillo Archdukes batting - Pitching for Havana Rollers : RHP Tomás Molina
Batting: LHB Jorge Martínez 0-0: Ball
1-0: Ball
2-0: Called Strike
2-1: Called Strike
2-2: Foul Ball, location: 2F
2-2: Ball
3-2: SINGLE (Groundball, 56D)
Batting: RHB Norm Francis 0-0: Called Strike
0-1: SINGLE (Line Drive, 56)
Jorge Martínez to second
Pinch Hitting: LHB Michael Cook 0-0: Ball
1-0: Ball
2-0: Ball
3-0: Base on Balls
Jorge Martínez to third
Norm Francis to second
Batting: RHB Jorge Espinosa 0-0: Swinging Strike
0-1: Ball
1-1: Foul Ball, location: 2F
1-2: Strikes out swinging
Batting: RHB Ronald Parsons 0-0: Ball
1-0: SINGLE (Line Drive, 34D)
Jorge Martínez scores
Norm Francis to third
Michael Cook to second
Batting: LHB Héctor Martínez 0-0: Called Strike
0-1: Foul Ball, location: 2F
0-2: Ball
1-2: Fly out, F7 (Flyball, 7M)
Runner from 3rd tags up, SCORES, no throw
Pinch Hitting: RHB Domingo Bueno 0-0: Called Strike
0-1: Ball
1-1: Ball
2-1: Swinging Strike
2-2: Strikes out swinging
Top of the 7th over - 2 run(s), 3 hit(s), 0 error(s), 2 left on base; Amarillo 3 - Havana 3
BOTTOM OF THE 7TH
Havana Rollers batting - Pitching for Amarillo Archdukes : RHP Frederick Kern
Now at 3B: Eric Fuller
Now in RF: Michael Cook
Pinch Hitting: RHB Jack Bailey 0-0: Fly out, F9 (Flyball, 9M)
Batting: LHB Jimmy Husted 0-0: Ball
1-0: Swinging Strike
1-1: Ground out 5-3 (Groundball, 5)
Batting: RHB Ed Sims 0-0: Ball
1-0: Ball
2-0: DOUBLE (Flyball, 8LXD)
Batting: LHB Enrique Cortéz 0-0: Called Strike
0-1: Foul Ball, location: 2F
0-2: Foul Ball, location: 2F
Balk!
Ed Sims to third
0-2: Strikes out swinging
Bottom of the 7th over - 0 run(s), 1 hit(s), 0 error(s), 1 left on base; Amarillo 3 - Havana 3
TOP OF THE 8TH
Amarillo Archdukes batting - Pitching for Havana Rollers : RHP Tomás Molina
Pitching: RHP Alejandro Pérez
Now in LF: Jack Bailey
Batting: RHB Tony Quinn 0-0: Ball
1-0: Foul Ball, location: 2F
1-1: Fly out, F7 (Flyball, 7M)
Batting: RHB Nobuharu Hoshino 0-0: Ball
1-0: Fly out, F9 (Flyball, 9LM)
Batting: LHB Jorge Martínez 0-0: Ball
1-0: Foul Ball, location: 2F
1-1: Ball
2-1: Ball
3-1: Swinging Strike
3-2: SINGLE (Line Drive, 6D)
Batting: RHB Norm Francis 0-0: Called Strike
0-1: SINGLE (Groundball, 56D)
Jorge Martínez to second
Batting: LHB Michael Cook 0-0: Ball
1-0: Foul Ball, location: 2F
1-1: Ball
2-1: Foul Ball, location: 2F
Reached via error on a dropped throw, E1
Jorge Martínez to third
Norm Francis to second
Batting: RHB Jorge Espinosa 0-0: Called Strike
0-1: Ball
1-1: Fly out, F7 (Flyball, 78M)
Top of the 8th over - 0 run(s), 2 hit(s), 1 error(s), 3 left on base; Amarillo 3 - Havana 3
BOTTOM OF THE 8TH
Havana Rollers batting - Pitching for Amarillo Archdukes : RHP Frederick Kern
Batting: LHB Wilson Allen 0-0: Foul Ball, location: 2F
0-1: Called Strike
0-2: Ball
1-2: Strikes out looking
Pitching: RHP Artie Byrne
Batting: SHB Pepe Piña 0-0: SINGLE (Line Drive, 9S)
Batting: RHB Salvador Borbón 0-0: Called Strike
0-1: Swinging Strike
0-2: Ball
1-2: Grounds into double play, 4-6-3 (Groundball, 4)
Bottom of the 8th over - 0 run(s), 1 hit(s), 0 error(s), 0 left on base; Amarillo 3 - Havana 3
TOP OF THE 9TH
Amarillo Archdukes batting - Pitching for Havana Rollers : RHP Alejandro Pérez
Pitching: RHP Charlie Alexander
Batting: RHB Ronald Parsons 0-0: Ball
1-0: Called Strike
1-1: SINGLE (Groundball, 4M)
Batting: LHB Héctor Martínez 0-0: Ball
1-0: Bunted foul
1-1: Bunted foul
1-2: Strikes out swinging
Batting: RHB Eric Fuller 0-0: Called Strike
0-1: Ball
1-1: Called Strike
1-2: Foul Ball, location: 2F
1-2: Ball
2-2: Strikes out swinging
Batting: RHB Tony Quinn 0-0: Ball
1-0: Called Strike
1-1: Swinging Strike
1-2: Hit by Pitch
Ronald Parsons to second
Pinch Hitting: RHB Mitsuoki Taguchi 0-0: SINGLE (Groundball, 34D)
Ronald Parsons to third
Tony Quinn to second
Runner from 3rd tries for Home, SAFE, no throw or cutoff
Batting: LHB Jorge Martínez 0-0: Called Strike
0-1: Fly out, F9 (Line Drive, 9M)
Top of the 9th over - 1 run(s), 2 hit(s), 0 error(s), 2 left on base; Amarillo 4 - Havana 3
BOTTOM OF THE 9TH
Havana Rollers batting - Pitching for Amarillo Archdukes : RHP Artie Byrne
Pitching: RHP Ignacio Beltrán
Now at C: Juan Barrera
Batting: RHB Paul Bailey 0-0: Ball
1-0: Foul Ball, location: 2F
1-1: Ground out 4-3 (Groundball, 4)
Pinch Hitting: LHB Zhi-huan Loong 0-0: Ball
1-0: Ball
2-0: Fly out, F8 (Flyball, 8LS)
Batting: RHB Jack Bailey 0-0: DOUBLE (Line Drive, 78M)
Batting: LHB Jimmy Husted 0-0: Ball
1-0: Foul Ball, location: 2F
1-1: Ground out 3-1 (Groundball, 34)
Bottom of the 9th over - 0 run(s), 1 hit(s), 0 error(s), 1 left on base; Amarillo 4 - Havana 3
Monday, December 5th, 2016 - OOTP Baseball 17.12 Build 75